 Dungeon Crawl Stone Soup version 0.28.0-45-g0d030f2227 (webtiles) character file.

Game seed: 5351513556181190760

41 styxcanada the Sneak (level 3, 0/18 HPs)
             Began as a Spriggan Brigand on Apr 21, 2022.
             Succumbed to an adder's poison
             ... on level 2 of the Dungeon on Apr 22, 2022.
             The game lasted 00:06:01 (1485 turns).

styxcanada the Sneak (Spriggan Brigand)             Turns: 1485, Time: 00:06:01

Health: 0/18       AC:  3    Str:  7    XL:     3   Next: 32%
Magic:  4/4        EV: 17    Int: 12    God:
Gold:   60         SH:  0    Dex: 18    Spells: 2/2 levels left

rFire   . . .      SeeInvis +   a - +2 dagger
rCold   . . .      Faith    .   (no shield)
rNeg    . . .      Spirit   .   b - +0 robe
rPois   .          Reflect  .   (helmet restricted)
rElec   .          Harm     .   c - +0 cloak
rCorr   .          Rampage  .   (gloves unavailable)
Will    .....      Rage     1%  (boots unavailable)
Stlth   ++++......              (no amulet)
HPRegen 0.06/turn               (no ring)
MPRegen 0.09/turn               (no ring)

@: lethally poisoned (0 -> -1), on berserk cooldown, slowed, quick
A: very small, no large weapons, unfitting armour, see invisible, speed 3,
berserk 1, MP-powered wands
a: no special abilities


You were on level 2 of the Dungeon.
You visited 1 branch of the dungeon, and saw 2 of its levels.

You collected 60 gold pieces.

Inventory:

Hand Weapons
 a - a +2 dagger (weapon)
 l - a +0 hunting sling of freezing
Missiles
 d - 8 poisoned darts (quivered)
 e - 2 curare-tipped darts
 f - 22 stones
Armour
 b - a +0 robe (worn)
 c - a +0 cloak (worn)
Scrolls
 g - a scroll of magic mapping {unknown}
 i - 2 scrolls of teleportation {unknown}
 k - a scroll of enchant armour {unknown}


   Skills:
 * Level 1.8 Fighting
 + Level 2.3 Short Blades
 + Level 2.0 Throwing
 * Level 2.2 Dodging
 * Level 7.1 Stealth


You had 2 spell levels left.
You didn't know any spells.
Your spell library was empty.

Dungeon Overview and Level Annotations

Branches:
Dungeon (2/15)

Altars:


Innate Abilities, Weirdness & Mutations

You are very small and have problems with some larger weapons.
You are too small for most types of armour.
You have supernaturally acute eyesight. (SInv)
You cover ground extremely quickly. (Speed+++)
You tend to lose your temper in combat.
You expend magic power (3 MP) to strengthen your wands.


Message History

The adder is heavily wounded.
The adder closely misses you.
You hit the adder.
The adder is severely wounded.
The adder barely misses you.
You hit the adder.
The adder is almost dead.
The adder bites you.
You are lethally poisoned!
The adder poisons you! The adder closely misses you.
You hit the adder.
You kill the adder!
* * * LOW HITPOINT WARNING * * *
You feel sick.
* * * LOW HITPOINT WARNING * * *
You feel sick.
There is a lethal amount of poison in your body!
It was a potion of mutation.
You feel extremely strange.
You feel a little pissed off.
You feel your magical essence link to the dungeon's wands.
* * * LOW HITPOINT WARNING * * *
You feel sick.
It was a potion of berserk rage.
A red film seems to cover your vision as you go berserk!
You feel yourself moving faster!
You feel mighty!
* * * LOW HITPOINT WARNING * * *
You feel sick.
You start resting.
You feel a strong urge to attack something.
* * * LOW HITPOINT WARNING * * *
You feel sick.
You start resting.
You feel your anger nearly subside.
* * * LOW HITPOINT WARNING * * *
You feel sick.
You start resting.
You are no longer berserk.
You are exhausted.
You feel yourself slow down.
You die...

# #........... #
#...#####.#### #
#........>...#
###.#.#####.##.#
............##.##
#############...##
#....# #....#
####@# #.# #.# #.#
#.# #.# #.# #.#


There were no monsters in sight!

Vanquished Creatures
  An adder (D:2)
  2 endoplasms (D:1)
  A giant cockroach (D:1)
  5 goblins (D:1)
  3 quokkas (D:1)
  5 ball pythons
  3 bats (D:1)
  6 frilled lizards
  3 kobolds (D:1)
  2 rats (D:1)
31 creatures vanquished.

Notes
Turn   | Place    | Note
-------+----------+-------------------------------------------
     0 | D:1      | styxcanada the Spriggan Brigand began the quest for the
                  | Orb.
     0 | D:1      | Reached XP level 1. HP: 10/10 MP: 2/2
    65 | D:1      | Reached skill level 6 in Stealth
   327 | D:1      | Reached XP level 2. HP: 14/14 MP: 3/3
   473 | D:1      | Found a faded altar of an unknown god.
  1299 | D:1      | Reached XP level 3. HP: 18/18 MP: 4/4
  1417 | D:2      | Reached skill level 7 in Stealth
  1480 | D:2      | Gained mutation: You tend to lose your temper in combat.
                  | [potion of mutation]
  1480 | D:2      | Gained mutation: You expend magic power (3 MP) to
                  | strengthen your wands. [potion of mutation]
  1485 | D:2      | Succumbed to an adder's poison

Illustrated notes

Levels and vault maps discovered:
D:1:      erik_arrival_triangle_large, layout_loops_corners,
          shapermc_ecumenical_altar_pompeii, chequers_garden,
          minmay_pentomino_u2
D:2:      layout_loops_ring, kennysheep_another_room, uniq_crazy_yiuf_cottage

Skill      XL: |  1  2  3 |
---------------+----------+-----
Stealth        | 6 7 |  7.1
Dodging        | 2 |  2.2
Fighting       | |  1.8
Short Blades   | |  2.3
Throwing       | |  2.0

Action                   || total
-------------------------++-------
Melee: Dagger            ||    66
Throw: Dart              ||     7
  Use: Potion            ||     2
 Stab: Sleeping          ||    13
Armor: Robe              ||     7
Dodge: Dodged            ||    33
